 Dungeon Crawl Stone Soup version 0.21-a0-518-g43a1781 (webtiles) character file.

1409 4thArraOfDagon the Cleaver (level 8, 0/66 HPs)
             Began as a Minotaur Abyssal Knight on Dec 4, 2017.
             Was a Priest of Lugonu.
             Succumbed to Psyche's poison
             ... on level 9 of the Dungeon.
             The game lasted 00:09:09 (2914 turns).

4thArraOfDagon the Cleaver (MiAK)                   Turns: 2914, Time: 00:09:10

Health: 0/66       AC:  8    Str: 21 (22) XL:     8   Next: 42%
Magic:  7/11       EV: 11    Int: 10 (11) God:    Lugonu [***...]
Gold:   317        SH:  0    Dex:  9 (10) Spells: 6/7 levels left

rFire    . . .     SeeInvis .   a - +1 hand axe
rCold    . . .     Gourm    .   (no shield)
rNeg     . . .     Faith    .   l - +0 ring mail
rPois    .         Spirit   .   (helmet restricted)
rElec    .         Reflect  .   t - +0 cloak
rCorr    .         Harm     .   f - +0 pair of gloves
MR       .....                  (no boots)
Stlth    ..........             (no amulet)
HPRegen  0.21/turn              s - +1 ring of protection
MPRegen  0.12/turn              (no ring)

@: mighty, lethally poisoned (0 -> -6), very slightly contaminated, hasted, very
quick
A: retaliatory headbutt, horns 2
a: Depart the Abyss, Bend Space, Banish, Renounce Religion


You were on level 9 of the Dungeon.
You worshipped Lugonu.
Lugonu was most pleased with you.
You were not hungry.

You visited 2 branches of the dungeon, and saw 10 of its levels.
You visited the Abyss 1 time.
You also visited: Sewer.

You collected 317 gold pieces.

Inventory:

Hand Weapons
 a - a +1 hand axe (weapon)
 v - the +4 falchion "Cuokekhlo" {protect, rPois rC+ Dex+4 Stlth+}
   (You found it on level 6 of the Dungeon)

   It protects the one who uses it against injury (+AC on strike).
   It affects your dexterity (+4).
   It protects you from cold.
   It protects you from poison.
   It makes you more stealthy.
Armour
 b - a +0 leather armour
 f - a +0 pair of gloves (worn)
 i - a cursed -2 buckler
 l - a +0 ring mail (worn)
 t - a +0 cloak (worn)
 E - a +2 robe of positive energy
Jewellery
 s - a +1 ring of protection (left hand)
Wands
 y - a wand of digging (10)
 B - a wand of flame (28)
 D - a wand of iceblast (8)
Scrolls
 d - a scroll of brand weapon {unknown}
 g - a scroll of identify
 h - 3 scrolls of remove curse {unknown}
 j - a scroll of blinking
 k - 2 scrolls of amnesia {unknown}
 m - a scroll of teleportation {unknown}
 n - 2 scrolls of enchant armour {unknown}
 w - a scroll of magic mapping {unknown}
 x - a scroll of immolation {unknown}
 A - a scroll of vulnerability {unknown}
 C - a scroll of noise {unknown}
Potions
 e - 2 potions of agility
 o - 2 potions of flight
 p - a potion of invisibility
 q - 3 potions of might
 r - 2 potions of mutation
 u - a potion of brilliance
 z - 2 potions of haste
Comestibles
 c - 4 bread rations


   Skills:
 - Level 4.0 Fighting
 * Level 10.0 Axes
 - Level 3.0 Armour
 - Level 2.2 Dodging
 + Level 6.0 Invocations


You had 6 spell levels left.
You knew the following spells:

 Your Spells              Type           Power        Failure   Level  Hunger
a - Apportation           Tloc           #.....       52%         1    ##.....


Dungeon Overview and Level Annotations

Branches:
Dungeon (9/15)             Temple (1/1) D:6
   Lair: D:8-11         Orc: D:9-12

Altars:
Dithmenos
Elyvilon
Fedhas
Gozag
Hepliaklqana
Kikubaaqudgha
Nemelex Xobeh
Trog
Uskayaw
Xom
Yredelemnul

Annotations:
D:5 5 runed doors


Innate Abilities, Weirdness & Mutations

You reflexively headbutt those who attack you in melee.
You have a pair of horns on your head.


Message History

You feel sick.
* * * LOW HITPOINT WARNING * * *
You feel sick.
* * * LOW HITPOINT WARNING * * *
You feel sick.
An adder comes into view.
* * * LOW HITPOINT WARNING * * *
You feel sick.
The adder hisses angrily.
You feel yourself speed up.
* * * LOW HITPOINT WARNING * * *
You feel sick.
Unknown command.
Unknown command.
Press: ? - help, Shift-Dir - straight line, f - adder
Aim: an adder (chance to defeat MR: 89%)
The adder is devoured by a tear in reality.
Lugonu claims a new guest.
You feel somewhat more hungry.
You die...

#. . . ##.##. ..
....#+# #..###.#.#.#
.......#.# ...§...#
#§§...# #@...# #.#
#....# #.##..# #.#..#
#.##..# #.#..#
#.##..# #.#..#
#.##..# #.#..#
#.##..# #.#..#
#.##..# #.#..#
#######.##..####.#..#


There were no monsters in sight!

Vanquished Creatures
  Psyche (D:9)
  A water moccasin (D:6)
  An ogre (D:6)
  A centaur (D:5)
  2 big kobolds (D:7)
  A scorpion (D:7)
  A crimson imp (D:5)
  2 orc priests
  3 jellies
  2 bullfrog skeletons
  3 orc wizards
  5 worker ants
  A hound skeleton (D:4)
  6 adders
  An adder zombie (D:5)
  4 oozes (Sewer)
  5 worms
  A dart slug (D:4)
  8 leopard geckos
  8 orcs
  A ball python (Sewer)
  14 bats
  4 giant cockroaches
  3 goblins (D:1)
  7 hobgoblins
  11 jackals
  4 quokkas
  2 frilled lizards
  A jackal skeleton (D:5)
  16 kobolds
  3 rats
123 creatures vanquished.

Vanquished Creatures (others)
  An adder (D:9)
1 creature vanquished.

Grand Total: 124 creatures vanquished

Notes
Turn   | Place    | Note
-------+----------+-------------------------------------------
     0 | Abyss:1  | 4thArraOfDagon the Minotaur Abyssal Knight began the quest for the Orb.
     0 | Abyss:1  | Reached XP level 1. HP: 19/19 MP: 1/1
    53 | Abyss:2  | Noticed a small abomination
    55 | Abyss:2  | Noticed a tentacled starspawn
    55 | Abyss:2  | Noticed a small abomination
    57 | D:1      | Escaped the Abyss
   200 | D:1      | Reached * piety under Lugonu
   247 | D:1      | Reached XP level 2. HP: 15/27 MP: 2/2
   313 | D:1      | Reached skill level 3 in Axes
   403 | D:2      | Found a hide-covered altar of Uskayaw.
   403 | D:2      | Noticed a hand axe
   404 | D:2      | Noticed a dagger
   420 | D:2      | Reached XP level 3. HP: 13/33 MP: 3/3
   451 | D:2      | Found a sparkling altar of Nemelex Xobeh.
   595 | D:3      | Reached XP level 4. HP: 20/40 MP: 4/4
   631 | D:3      | Found a glowing drain.
   637 | D:3      | Reached ** piety under Lugonu
   647 | Sewer    | Entered a sewer
   650 | Sewer    | Reached skill level 4 in Axes
   976 | D:3      | Reached XP level 5. HP: 37/46 MP: 6/6
  1101 | D:3      | Reached skill level 5 in Axes
  1272 | D:4      | Found a shadowy altar of Dithmenos.
  1323 | D:4      | Reached *** piety under Lugonu
  1323 | D:4      | Reached XP level 6. HP: 32/52 MP: 7/7
  1346 | D:4      | Reached skill level 6 in Axes
  1375 | D:5      | Entered Level 5 of the Dungeon
  1450 | D:5      | Found the +9 staff of Olgreb {rPois}
  1453 | D:5      | Found a runed door.
  1468 | D:5      | Found a runed door.
  1472 | D:5      | Noticed a soldier ant
  1472 | D:5      | Noticed a water moccasin
  1473 | D:5      | Found a runed gate.
  1473 | D:5      | Noticed a soldier ant
  1484 | D:5      | Found a runed gate.
  1484 | D:5      | Found a runed gate.
  1486 | D:5      | Noticed a soldier ant
  1486 | D:5      | Noticed a soldier ant
  1486 | D:5      | Noticed a soldier ant
  1486 | D:5      | Noticed a soldier ant
  1486 | D:5      | Noticed a soldier ant
  1671 | D:5      | Reached skill level 7 in Axes
  1671 | D:5      | Reached XP level 7. HP: 49/59 MP: 9/9
  1772 | D:6      | Got a shimmering falchion
  1803 | D:7      | Identified the +4 falchion "Cuokekhlo" {protect, rPois rC+ Dex+4 Stlth+} (You found it on level 6 of the Dungeon)
  1839 | D:7      | Found a hide-covered altar of Uskayaw.
  1887 | D:7      | Reached skill level 8 in Axes
  2050 | D:6      | Found a staircase to the Ecumenical Temple.
  2055 | Temple   | Entered the Ecumenical Temple
  2314 | D:6      | Reached skill level 5 in Invocations
  2353 | D:6      | Learned a level 1 spell: Apportation
  2428 | D:6      | Reached skill level 9 in Axes
  2428 | D:6      | Reached XP level 8. HP: 12/66 MP: 9/11
  2885 | D:9      | Noticed Psyche
  2902 | D:9      | Killed Psyche
  2902 | D:9      | Reached skill level 10 in Axes
  2909 | D:9      | HP: 3/66 [poisoned by Psyche]
  2912 | D:9      | HP: 1/66 [poisoned by Psyche]
  2914 | D:9      | Succumbed to Psyche's poison

Vault maps used:
D:1:      nagdon_arrival_double_spiral
D:2:      lemuel_doored_altar, nemelex_xobeh_ov_fountains_minmay,
          dancing_weapons_uskayaw, minmay_tetromino_s2, uniq_sigmund
D:3:      portal_sewer_entry_f, first_bread
D:4:      minmay_diamond_boxcup, nicolae_dithmenos_the_darkroom
D:5:      minmay_guarded_unrand_staff_of_olgreb
D:6:      minmay_temple_entry_butterflies
D:7:      basic_altar
D:8:      kennysheep_okawaru_gauntlet, minitemple, cheibrodos_worm_habitat,
          uniq_pikel, uniq_prince_ribbit1
D:9:      lemuel_coloured_pillars_altar, zin_angel, uniq_psyche, uniq_maurice,
          uniq_joseph
Temple:   nicolae_temple_x_marks_the_god
Sewer:    sewer_fruit_machine

Skill      XL: |  1  2  3  4  5  6  7  8 |
---------------+-------------------------+-----
Invocations    | 2 3 4 5 6 |  6.0
Axes           | 3 4 5 7 9 10 | 10.0
Armour         | 3 |  3.0
Fighting       | 4 |  4.0
Dodging        | 2 |  2.2

Action                   |  1- 3 |  4- 6 |  7- 9 || total
-------------------------+-------+-------+-------++-------
Melee: Hand axe          |    82 |   157 |   101 ||   340
       Headbutt          |    12 |    26 |    15 ||    53
Invok: Depart the Abyss  |     1 |       |       ||     1
       Banish            |       |       |     1 ||     1
Evoke: Wand              |       |       |     2 ||     2
  Use: Potion            |     4 |     3 |     6 ||    13
       Scroll            |       |     1 |     4 ||     5
 Stab: Invisible         |     1 |       |     1 ||     2
  Eat: Chunk             |       |     3 |       ||     3
       Royal jelly       |       |       |     1 ||     1
       Meat ration       |       |       |     1 ||     1
Armor: Leather armour    |    11 |       |       ||    11
       Ring mail         |     6 |    72 |    35 ||   113
Dodge: Dodged            |    56 |   114 |    57 ||   227

Table legend:
 A = Spawn XP
 B = Non-spawn XP
 C = Spawn XP percentage of total XP
 D = Spawn monster count
 E = Non-spawn monster count
 F = Spawn count percentage of total count
 G = Total turns spent on level
                    A         B        C        D         E        F      G
               +---------+---------+-------+---------+---------+-------+---------
         Total |       0 |    2014 |   0.0 |       0 |     124 |   0.0 |  2914
               +---------+---------+-------+---------+---------+-------+---------
           D:1 |       0 |      37 |   0.0 |       0 |      21 |   0.0 |   337
           D:2 |       0 |      51 |   0.0 |       0 |      12 |   0.0 |   251
           D:3 |       0 |     138 |   0.0 |       0 |      21 |   0.0 |   381
           D:4 |       0 |     199 |   0.0 |       0 |      11 |   0.0 |   115
           D:5 |       0 |     247 |   0.0 |       0 |      11 |   0.0 |   293
           D:6 |       0 |     441 |   0.0 |       0 |       9 |   0.0 |   472
           D:7 |       0 |     335 |   0.0 |       0 |      15 |   0.0 |   323
           D:8 |       0 |      34 |   0.0 |       0 |       1 |   0.0 |   154
           D:9 |       0 |     431 |   0.0 |       0 |       2 |   0.0 |    56
        Temple |       0 |      42 |   0.0 |       0 |       1 |   0.0 |   241
         Sewer |       0 |      59 |   0.0 |       0 |      20 |   0.0 |   234
               +---------+---------+-------+---------+---------+-------+---------
